 Dungeon Crawl Stone Soup version 0.22-a0-181-gb22368a (webtiles) character file.

462 Gorglomux the Skirmisher (level 6, -1/49 HPs)
             Began as a Demonspawn Fighter on Feb 14, 2018.
             Succumbed to a killer bee's poison
             ... on level 4 of the Dungeon.
             The game lasted 00:04:21 (3276 turns).

Gorglomux the Skirmisher (Demonspawn Fighter)       Turns: 3276, Time: 00:04:22

Health: -1/49      AC: 11    Str: 22    XL:     6   Next: 79%
Magic:  4/15       EV: 11    Int: 10    God:
Gold:   110        SH: 10    Dex: 13    Spells: 5/5 levels left

rFire    . . .     SeeInvis .   a - +0 war axe
rCold    . . .     Gourm    .   c - +0 shield
rNeg     . . .     Faith    .   b - +0 scale mail
rPois    .         Spirit   +   l - +0 helmet
rElec    .         Reflect  .   G - +1 cloak
rCorr    +         Harm     .   o - +0 pair of gloves
MR       +....                  (no boots)
Stlth    ..........             m - amulet of guardian spirit
HPRegen  0.16/turn              g - ring of resist corrosion
MPRegen  0.14/turn              H - ring of magical power

@: mighty, lethally poisoned (-1 -> -25), very slightly contaminated, invisible
A: repulsion field 1, deterioration 1, magic resistance 1, powered by pain 2
a: no special abilities


You were on level 4 of the Dungeon.
You were not hungry.

You visited 1 branch of the dungeon, and saw 4 of its levels.

You collected 110 gold pieces.

Inventory:

Hand Weapons
 a - a +0 war axe (weapon)
Armour
 b - a +0 scale mail (worn)
 c - a +0 shield (worn)
 l - a +0 helmet (worn)
 o - a +0 pair of gloves (worn)
 G - a +1 cloak (worn)
Jewellery
 g - a ring of resist corrosion (left hand)
 m - an amulet of guardian spirit (around neck)
 H - a ring of magical power (right hand)
Wands
 A - a wand of acid (12)
Scrolls
 h - 3 scrolls of enchant weapon {unknown}
 j - 3 scrolls of remove curse {unknown}
 n - a scroll of noise {unknown}
 B - a scroll of random uselessness {unknown}
 D - a scroll of enchant armour {unknown}
 K - 3 scrolls of amnesia {unknown}
 L - a scroll of identify {unknown}
Potions
 d - a potion of might
 q - a potion of invisibility
Comestibles
 f - 11 rations
 O - 3 chunks of flesh


   Skills:
 + Level 4.3 Fighting
 + Level 3.3 Axes
 + Level 3.9 Armour
 + Level 2.5 Dodging
 + Level 3.9 Shields


You had 5 spell levels left.
You didn't know any spells.

Dungeon Overview and Level Annotations

Branches:
Dungeon (4/15)
 Temple: D:4-7

Altars:
Elyvilon
Ru


Innate Abilities, Weirdness & Mutations

You are surrounded by a mild repulsion field. (EV +2)
You sometimes gain power by taking damage.
Your body sometimes deteriorates upon taking damage.
You are resistant to hostile enchantments. (MR+)


Message History

You closely miss the killer bee! * * * don't die
* * * You feel sick!
The killer bee stings you! * * * don't die
* * * The killer bee barely misses you! x2
You closely miss the killer bee!
The killer bee is severely wounded!
You chop the killer bee into pieces!!! * * * don't die
* * * You feel very sick!
The killer bee stings you! * * * don't die
* * * You are more poisoned!
The killer bee poisons you!!! You block the killer bee'butts attack!
You block the killer bee's attack! The killer bee closely misses you! x2
The killer bee stings you but does no damage!
You closely miss the killer bee!
The killer bee is severely wounded!
You closely miss the killer bee! rip

####...#########.#######
#...### #.# ...##
#.....# #.# ...##
+.....# ####.##...##
#.....# #.........##
####.# ####'##
#........### .....# #.#
#........# # #........
#.## #........###
#........ #@y#
####+#....## #........
##y# #.#....# #....y...
.......y....# #.#....#
#........
............###'#....#
#........
......!.....#........#
#........
........!...#........# #
............#.....#### #
............#.....#####
#
###....##..##..........


You could see 3 killer bees.

Vanquished Creatures
  An ice beast (D:4)
  An ogre (D:3)
  A scorpion (D:4)
  A killer bee (D:4)
  2 hounds (D:4)
  A worker ant (D:4)
  5 adders
  A worm (D:4)
  A dart slug (D:3)
  7 orcs (D:3)
  A ball python (D:3)
  3 giant cockroaches
  5 hobgoblins
  4 jackals (D:2)
  7 bats
  2 frilled lizards (D:3)
  8 goblins
  7 kobolds
  6 rats
64 creatures vanquished.

Notes
Turn   | Place    | Note
-------+----------+-------------------------------------------
     0 | D:1      | Gorglomux the Demonspawn Fighter began the quest for the Orb.
     0 | D:1      | Reached XP level 1. HP: 18/18 MP: 1/1
   121 | D:1      | Gained mutation: You are surrounded by a mild repulsion field. (EV +2) [demonic ancestry]
   121 | D:1      | Reached XP level 2. HP: 24/24 MP: 2/2
   594 | D:2      | Found a faded altar of an unknown god.
   613 | D:2      | Reached skill level 3 in Armour
   613 | D:2      | Reached skill level 3 in Shields
   613 | D:2      | Reached XP level 3. HP: 16/29 MP: 3/3
  1085 | D:2      | Reached skill level 1 in Dodging
  1088 | D:2      | Found a sacrificial altar of Ru.
  1648 | D:3      | Noticed an ogre
  1653 | D:3      | Gained mutation: You sometimes gain a little power by taking damage. [demonic ancestry]
  1653 | D:3      | Reached XP level 4. HP: 34/35 MP: 4/4
  2004 | D:3      | Found a white marble altar of Elyvilon.
  2356 | D:4      | Gained mutation: You sometimes gain power by taking damage. [demonic ancestry]
  2356 | D:4      | Reached XP level 5. HP: 16/42 MP: 3/5
  2657 | D:3      | Killed an ogre
  2657 | D:3      | Reached skill level 4 in Fighting
  2657 | D:3      | Reached skill level 3 in Axes
  3115 | D:4      | Reached XP level 6. HP: 42/48 MP: 6/6
  3140 | D:4      | Noticed an ice beast
  3152 | D:4      | Killed an ice beast
  3260 | D:4      | Gained mutation: Your body sometimes deteriorates upon taking damage. [potion of mutation]
  3260 | D:4      | Gained mutation: You are resistant to hostile enchantments. (MR+) [potion of mutation]
  3275 | D:4      | HP: 2/49 [killer bee (1)]
  3276 | D:4      | Succumbed to a killer bee's poison

Vault maps used:
D:1:      mrwooster_arrival_statue_2, serial_forest,
          infiniplex_forest_straight_2, infiniplex_forest_lined_1,
          infiniplex_forest_straight_2, infiniplex_forest_corner_1,
          infiniplex_forest_clump_medium, infiniplex_forest_3_way
D:2:      chequers_ecumenical_altar_simple, minmay_misc_feat_encased,
          nicolae_ru_awakened_eye
D:3:      lemuel_coloured_pillars_altar
D:4:      first_ration

Skill      XL: |  1  2  3  4  5 |
---------------+----------------+-----
Axes           | 2 3 |  3.3
Armour         | 3 |  3.9
Shields        | 3 |  3.9
Dodging        | 1 2 |  2.5
Fighting       | 4 |  4.3

Action                   |  1- 3 |  4- 6 || total
-------------------------+-------+-------++-------
Melee: War axe           |   122 |   137 ||   259
  Use: Potion            |       |     9 ||     9
  Eat: Chunk             |     3 |     5 ||     8
Armor: Scale mail        |    63 |    71 ||   134
Dodge: Dodged            |    73 |    93 ||   166
Block: Shield            |    52 |   116 ||   168

Table legend:
 A = Spawn XP
 B = Non-spawn XP
 C = Spawn XP percentage of total XP
 D = Spawn monster count
 E = Non-spawn monster count
 F = Spawn count percentage of total count
 G = Total turns spent on level
                    A         B        C        D         E        F      G
               +---------+---------+-------+---------+---------+-------+---------
         Total |       0 |     660 |   0.0 |       0 |      64 |   0.0 |  3276
               +---------+---------+-------+---------+---------+-------+---------
           D:1 |       0 |      25 |   0.0 |       0 |      18 |   0.0 |   508
           D:2 |       0 |      60 |   0.0 |       0 |      14 |   0.0 |   910
           D:3 |       0 |     190 |   0.0 |       0 |      25 |   0.0 |  1173
           D:4 |       0 |     385 |   0.0 |       0 |       7 |   0.0 |   685
               +---------+---------+-------+---------+---------+-------+---------
